 Dungeon Crawl Stone Soup version 0.17.1-1-g73c8601 (webtiles) character file.

21 Implojin the Ruffian (level 2, -2/29 HPs)
             Began as a Troll Fighter on Apr 4, 2016.
             Slain by a gnoll
             ... wielding a +2 spear of freezing
              (7 damage)
             ... on level 2 of the Dungeon.
             The game lasted 00:01:21 (214 turns).

Implojin the Ruffian (Troll Fighter)                 Turns: 214, Time: 00:01:21

Health: -2/29      AC:  5    Str: 23    XL:     2   Next: 65%
Magic:  1/1        EV:  8    Int:  4    God:
Gold:   15         SH:  8    Dex:  9    Spells: 0 memorised, 1 level left

rFire  . . .     SeeInvis .       - Unarmed
rCold  . . .     Clarity  .     a - +0 robe
rNeg   . . .     SustAt   .     b - +0 shield
rPois  .         Gourm    +     (helmet restricted)
rElec  .         Spirit   .     (no cloak)
rCorr  .         Warding  .     (gloves unavailable)
rMut   .         Stasis   .     (boots unavailable)
MR     .....                    (no amulet)
Stlth  +.........               (no ring)
                                (no ring)

@: not resistant to hostile enchantments, very unstealthy
A: unfitting armour, claws 3, fast metabolism 3, gourmand, regeneration 2,
shaggy fur 1, tough skin 2
a: no special abilities


You were on level 2 of the Dungeon.
You were very full.

You visited 1 branch of the dungeon, and saw 2 of its levels.

You collected 15 gold pieces.

Inventory:

Missiles
 g - 5 javelins of returning (quivered)
Armour
 a - a +0 robe (worn)
 b - a +0 shield (worn)
 i - a +2 cloak of invisibility
Scrolls
 e - 2 scrolls of remove curse {unknown}
Potions
 c - a potion of might
 h - a potion of curing {unknown}
 j - a potion of resistance {unknown}
 k - a potion of brilliance {unknown}
Comestibles
 d - 2 bread rations
 f - 2 meat rations


   Skills:
 - Level 2.4 Fighting
 - Level 2.4 Dodging
 - Level 2.4 Shields
 * Level 3.3 Unarmed Combat


You had one spell level left.
You didn't know any spells.

Dungeon Overview and Level Annotations

Branches:
Dungeon (2/15)

Altars:


Innate Abilities, Weirdness & Mutations

You are too large for most types of armour.
You have claws for hands.
Your metabolism is lightning-fast.
You like to eat raw meat.
You heal very quickly.
You are covered in fur (AC +1).
You have very tough skin (AC +2).


Message History

The adder moves out of view.
Things that are here:
a club; a giant newt skeleton The gnoll throws a throwing net.
The throwing net hits you.
You become entangled in the net!
You see here a throwing net.
You tear a large gash into the net.
The gnoll hits you from afar with a spear.
You shred the net and break free!
The gnoll hits you from afar with a spear!
Found 7 gold pieces and a meat ration.
Found a slice of pizza.
You see here a meat ration.
f - 2 meat rations (gained 1)
You block the gnoll's attack. x2
The gnoll hits you with a spear of freezing.
The gnoll freezes you.
You scratch the gnoll but do no damage. You block the gnoll's attack.
You block the gnoll's attack.
You scratch the gnoll.
The gnoll is heavily wounded.
The gnoll hits you with a spear of freezing.
The gnoll freezes you. The gnoll hits you but does no damage.
You block the gnoll's attack. The gnoll barely misses you.
You closely miss the gnoll.
The gnoll is heavily wounded.
The gnoll hits you from afar with a spear.
The gnoll hits you with a flail!
* * * LOW HITPOINT WARNING * * *
The gnoll barely misses you.
The gnoll hits you with a spear of freezing.
* * * LOW HITPOINT WARNING * * *
The gnoll freezes you.
* * * LOW HITPOINT WARNING * * *
Drink which item? (? for menu, Esc to quit)
Okay, then.
Read which item? (? for menu, Esc to quit)
Okay, then.
The gnoll hits you with a spear of freezing!
You die...

.......##....#
#.....###....
#.....##..$.. #..........
###..........
#########......#.[...
#.............#......
#......####...#.#....
#...@..# #.#...#....
#...g..# ##.###.#....
###g######..##..#....
######..g####....##.......
#..$....g.##......#.#..#.#
#.........#...g.....#.....
#.%........g..............
#.........#..........#..##
#.........#..........#)##


You could see 4 gnolls.

Vanquished Creatures
  2 adders (D:2)
  A goblin (D:2)
  A bat (D:2)
  A giant newt (D:2)
  A kobold (D:1)
6 creatures vanquished.

Notes
Turn   | Place    | Note
--------------------------------------------------------------
     0 | D:1      | Implojin the Troll Fighter began the quest for the Orb.
     0 | D:1      | Reached XP level 1. HP: 22/22 MP: 0/0
    95 | D:2      | Reached XP level 2. HP: 26/29 MP: 1/1
   150 | D:2      | Reached skill level 3 in Unarmed Combat
   214 | D:2      | Slain by a gnoll

Action                   || total
-------------------------++-------
Melee: Unarmed           ||    32
  Eat: Chunk             ||     6

Table legend:
 A = Turns spent in this place as a percentage of turns spent in the entire game.
 B = Non-inter-level travel turns spent in this place as a percentage of non-inter-level travel turns spent in the entire game.
 C = Inter-level travel turns spent in this place as a percentage of turns spent in this place.
 D = Turns resting spent in this place as a percentage of non-inter-level travel turns spent in this place.
 E = Turns spent auto-exploring this place as a percentage of non-inter-level travel turns spent in this place.
 F = Non-inter-level travel turns spent in this place divided by the number of levels of this place that you've seen.
                   A       B       C       D       E      F
               +-------+-------+-------+-------+-------+----------------------
         Total | 100.0 | 100.0 |   0.0 |   0.0 |   0.0 | 100.0
       Dungeon | 100.0 | 100.0 |   0.0 |   0.0 |   0.0 | 100.0
               +-------+-------+-------+-------+-------+----------------------

Table legend:
 A = Kills in this place as a percentage of kills in entire the game.
 B = Kills by you in this place as a percentage of kills by you in the entire game.
 C = Kills by friends in this place as a percentage of kills by friends in the entire game.
 D = Other kills in this place as a percentage of other kills in the entire game.
 E = Experience gained in this place as a percentage of experience gained in the entire game.
 F = Experience gained in this place divided by the number of levels of this place that you have seen.
                   A       B       C       D       E      F
               +-------+-------+-------+-------+-------+----------------------
         Total | 100.0 | 100.0 |  -nan |  -nan | 100.0 |  15.5
       Dungeon | 100.0 | 100.0 |  -nan |  -nan | 100.0 |  15.5
               +-------+-------+-------+-------+-------+----------------------
